 Dungeon Crawl Stone Soup version 0.27.1-34-g3ba077fa99 (webtiles) character file.

Game seed: 15719460139773054581

14517 McKennaii the Thaumaturge (level 12, -6/85 HPs)
             Began as a Djinni Fire Elementalist on Jan 16, 2022.
             Was an Initiate of Gozag.
             Mangled by Snorg (11 damage)
             ... on level 11 of the Dungeon.
             The game lasted 00:29:05 (17257 turns).

McKennaii the Thaumaturge (DjFE)                   Turns: 17257, Time: 00:29:06

Health: -6/85      AC: 11    Str:  7    XL:     12   Next: 46%
Gold:   1591       EV: 12    Int: 21    God:    Gozag SH:  5 Dex: 15

rFire    + + .     SeeInvis .   i - staff of death
rCold    x . .     Faith    .   (no shield)
rNeg     + . .     Spirit   .   G - +1 ring mail of Perpetual Drought {Slay+2}
rPois    ∞         Reflect  +   o - +1 helmet
rElec    .         Harm     .   K - +0 cloak
rCorr    +         Rampage  .   y - +0 pair of gloves
Will     +....                  (boots unavailable)
Stlth    ++........             x - amulet of reflection
HPRegen  0.24/turn              f - +4 ring of slaying
MPRegen  0.00/turn              v - ring of resist corrosion

@: flying, very slightly contaminated
A: sickness immunity, fire resistance 2, cold vulnerability 1, float, innate
caster, hp casting, extra vitality 1
a: Renounce Religion, Potion Petition, Call Merchant, Bribe Branch


You were on level 11 of the Dungeon.
You worshipped Gozag.
Gozag was most pleased with you.
You visited 2 branches of the dungeon, and saw 12 of its levels.

You collected 1634 gold pieces.
You paid 43 gold pieces to Gozag.

Inventory:

Hand Weapons
 a - a +0 dagger
 m - a +0 whip of electrocution
 B - the +10 hand axe "Ultimatum" {vorpal, rF+ Str-4 Dex+4}
   (You found it on level 7 of the Dungeon)

   It inflicts extra damage upon your enemies.
   Str:       It affects your strength (-4).
   Dex:       It affects your dexterity (+4).
   rF:        It protects you from fire.
Missiles
 p - 3 throwing nets
Armour
 n - a +0 robe of positive energy
 o - a +1 helmet (worn)
 y - a +0 pair of gloves (worn)
 G - the +1 ring mail of Perpetual Drought (worn) {Slay+2}
   (You found it on level 9 of the Dungeon)

   Slay:      It affects your accuracy & damage with ranged weapons and melee
   (+2).
 K - a +0 cloak (worn)
Magical Staves
 i - a staff of death (weapon)
Jewellery
 f - a +4 ring of slaying (left hand)
 g - a ring of fire
 v - a ring of resist corrosion (right hand)
 x - an amulet of reflection (around neck)
Wands
 j - a wand of digging (6)
 r - a wand of flame (27)
 w - a wand of iceblast (51)
 A - a wand of mindburst (11)
 C - a wand of paralysis (16)
 H - a wand of acid (13)
Scrolls
 b - a scroll of enchant armour {unknown}
 l - a scroll of noise {unknown}
 s - a scroll of holy word
 t - 2 scrolls of teleportation
 D - a scroll of torment {unknown}
 E - a scroll of fog {unknown}
 F - a scroll of brand weapon {unknown}
 I - a scroll of vulnerability {unknown}
 J - a scroll of blinking {unknown}
 L - a scroll of fear {unknown}
Potions
 c - a potion of attraction
 d - 2 potions of cancellation
 e - 3 potions of curing
 h - 2 potions of ambrosia
 k - a potion of lignification
 q - a potion of haste {unknown}
 u - a potion of heal wounds
 z - 2 potions of might {unknown}


   Skills:
 + Level 7.1 Fighting
 + Level 3.4 Armour
 * Level 8.0 Dodging
 + Level 4.0 Stealth
 + Level 12.1 Spellcasting


You had 5 spell levels left.
You knew the following spells:

 Your Spells              Type           Power      Damage    Failure   Level
a - Foxfire               Conj/Fire      100%       2x1d9     1%          1
b - Conjure Flame         Conj/Fire      59%        6-21      1%          3
c - Inner Flame           Hex/Fire       59%        N/A       1%          3
d - Sticky Flame          Conj/Fire      59%        2d7       1%          4
e - Fireball              Conj/Fire      29%        3d13      3%          5
f - Sting                 Tmut/Pois      100%       1d8       1%          1
g - Searing Ray           Conj           100%       3d7       1%          2
h - Dazzling Flash        Conj/Hex       100%       N/A       1%          3
i - Animate Armour        Summ/Erth      100%       N/A       1%          4
j - Petrify               Tmut/Erth      59%        N/A       1%          4
Your spell library was empty.

Dungeon Overview and Level Annotations

Branches:
Dungeon (11/15)            Temple (1/1) D:4             Orc (0/2) D:10
   Lair: D:8-11

Altars:
Ashenzari
Fedhas
Gozag
Hepliaklqana
Kikubaaqudgha
Makhleb
Nemelex Xobeh
Okawaru
Qazlal
Ru
Sif Muna
Trog
Uskayaw
Vehumet
Wu Jian
Yredelemnul
Zin
The Shining One

Shops:
D:9 (

Annotations:
D:2 1 runed translucent door, Crazy Yiuf
D:10 1 transporter, 3 runed translucent doors, squirgh's ghost, novice DEFE
D:11 Snorg


Innate Abilities, Weirdness & Mutations

You are immune to sickness and miasma.
You are immune to poison.
Your flesh is very heat resistant. (rF++)
You are vulnerable to cold. (rC-)
You float through the air rather than walking.
You learn spells naturally, not from books.
Your magical power is your life essence.
You have superior vitality. (+4 HP)


Message History

Aim: Snorg (heavily wounded, berserk)
The fireball explodes!
The fireball engulfs Snorg!
Snorg is heavily wounded.
You hear a howl!
Snorg rages.
Snorg barely misses you. You block Snorg's attack. Snorg claws you!
Unknown command.
Unknown command.
Casting: Fireball (dangerous; 3% risk of failure)
Confirm with . or Enter, or press ? or * to list all spells.
Aiming: Sticky Flame (mildly dangerous; 1% risk of failure)
Press: ? - help, Shift-Dir - straight line, f/p - Snorg
Aim: Snorg (heavily wounded, berserk, 100% to hit)
The sticky flame hits Snorg!
Snorg is heavily wounded.
Snorg is covered in liquid flames!
Snorg burns!
Snorg bites you!!
* * * LOW HITPOINT WARNING * * *
You block Snorg's attack. Snorg claws you!
* * * LOW HITPOINT WARNING * * *
Unknown command.
Unknown command.
Okay, then.
You feel much better.
Snorg burns!
Snorg completely misses you. Snorg closely misses you. Snorg claws you.
Snorg bites you but does no damage. Snorg barely misses you. Snorg claws you!
Unknown command.
Casting: Sticky Flame (mildly dangerous; 1% risk of failure)
Confirm with . or Enter, or press ? or * to list all spells.
Aiming: Sticky Flame (mildly dangerous; 1% risk of failure)
Press: ? - help, Shift-Dir - straight line, f/p - Snorg
Aim: Snorg (severely wounded, berserk, covered in liquid flames, 100% to hit)
The sticky flame hits Snorg!
Snorg is severely wounded.
Snorg is covered in liquid flames!
* * * LOW HITPOINT WARNING * * *
Snorg burns!
Snorg bites you!
* * * LOW HITPOINT WARNING * * *
Snorg barely misses you. Snorg claws you!
You die...
Your body crumbles into a pile of gold.

...................
..................
................#
#.............#####
###..................
.....................
#####...#####..#####
..#####...#####..#
................@#
.................T......
........<...............
##.....................#
#......................
........................
.........#######........
#######>.# #..######
#..#


You could see Snorg (berserk, burning).

Vanquished Creatures
  Harold (D:8)
  An ogre mage (D:10)
  A two-headed ogre (D:10)
  Erica (D:9)
  A sixfirhy (D:7)
  Pikel (D:4)
  2 deep elf pyromancers (D:10)
  3 centaur zombies
  Maurice (D:9)
  Joseph (D:7)
  Psyche (D:10)
  Maggie (D:7)
  A komodo dragon (D:11)
  A slime creature (D:10)
  4 hornets
  Sigmund (D:6)
  A wyvern (D:9)
  19 yaks
  2 vampires
  3 steam dragons
  A wraith (D:9)
  A warg (D:9)
  An acid dragon (D:10)
  5 orc warriors
  2 black bears
  An ogre (D:5)
  A necrophage (D:5)
  3 centaurs
  2 kobold brigands
  2 bullfrogs
  A jelly (D:4)
  3 killer bees (D:9)
  3 howler monkeys
  A centaur skeleton (D:4)
  5 hounds
  7 orc priests
  A gnoll shaman (D:8)
  A bullfrog skeleton (D:5)
  2 iguanas
  8 orc wizards
  A killer bee zombie (D:8)
  13 adders
  8 gnolls
  A howler monkey skeleton (D:4)
  3 white imps
  2 dart slugs (D:1)
  31 orcs
  3 ball pythons
  9 endoplasms
  7 giant cockroaches
  9 hobgoblins
  6 jackals (D:3)
  21 kobolds
  4 quokkas
  4 bats
  5 frilled lizards
  8 goblins
  8 rats
241 creatures vanquished.

Vanquished Creatures (others)
  307 foxfires
  42 fungi
  31 plants (D:11)
380 creatures vanquished.

Grand Total: 621 creatures vanquished

Notes
Turn   | Place    | Note
-------+----------+-------------------------------------------
     0 | D:1      | McKennaii the Djinni Fire Elementalist began the quest for
                  | the Orb.
     0 | D:1      | Reached XP level 1. HP: 15/15 MP: 0/0
   245 | D:1      | Reached XP level 2. HP: 18/21 MP: 0/0
   816 | D:1      | Reached XP level 3. HP: 20/25 MP: 0/0
   816 | D:1      | Learned a level 1 spell: Sting
  1093 | D:1      | Found a faded altar of an unknown god.
  1592 | D:2      | Reached skill level 3 in Spellcasting
  1700 | D:2      | Reached XP level 4. HP: 29/31 MP: 0/0
  2424 | D:2      | Found a runed translucent door.
  2425 | D:2      | Noticed Crazy Yiuf
  2723 | D:3      | Reached XP level 5. HP: 26/35 MP: 0/0
  2723 | D:3      | Learned a level 2 spell: Searing Ray
  3475 | D:3      | Reached XP level 6. HP: 25/40 MP: 0/0
  4199 | D:3      | Found a stormy altar of Qazlal.
  4199 | D:3      | Found an iron altar of Okawaru.
  4774 | D:4      | Reached skill level 5 in Dodging
  4774 | D:4      | Reached skill level 4 in Spellcasting
  5354 | D:4      | Reached XP level 7. HP: 35/45 MP: 0/0
  5354 | D:4      | Learned a level 3 spell: Dazzling Flash
  5469 | D:4      | Found a staircase to the Ecumenical Temple.
  5535 | Temple   | Entered the Ecumenical Temple
  5559 | Temple   | Became a worshipper of Gozag Ym Sagoz the Greedy
  5598 | D:5      | Entered Level 5 of the Dungeon
  5598 | D:5      | Noticed Pikel
  5750 | D:4      | Killed Pikel
  5751 | D:4      | Reached skill level 6 in Spellcasting
  5751 | D:4      | Reached XP level 8. HP: 40/50 MP: 0/0
  6929 | D:4      | Reached skill level 7 in Spellcasting
  7391 | D:5      | You are sucked into a shaft and drop 2 floors!
  7391 | D:7      | Noticed a hornet
  7398 | D:7      | Killed a hornet
  7399 | D:7      | Reached XP level 9. HP: 10/55 MP: 0/0
  7399 | D:7      | Learned a level 4 spell: Animate Armour
  7678 | D:7      | Reached skill level 8 in Spellcasting
  8095 | D:6      | Noticed Sigmund
  8100 | D:6      | Killed Sigmund
  8892 | D:6      | Identified the +4 flail of Qiyshas {freeze, *Slow rN+
                  | Str+2}
  9085 | D:6      | Reached skill level 9 in Spellcasting
  9178 | D:6      | Found a hide-covered altar of Uskayaw.
  9178 | D:6      | Found a basalt altar of Yredelemnul.
  9531 | D:7      | Identified the +10 hand axe "Ultimatum" {vorpal, rF+ Str-4
                  | Dex+4}
  9563 | D:7      | Noticed Joseph
  9576 | D:7      | Killed Joseph
  9843 | D:7      | Reached XP level 10. HP: 48/60 MP: 0/0
  9917 | D:7      | Noticed Maggie
  9921 | D:7      | Killed Maggie
  9922 | D:7      | Reached skill level 10 in Spellcasting
 10087 | D:7      | Reached skill level 1 in Fighting
 10388 | D:7      | Found a hazy altar of Hepliaklqana.
 10394 | D:7      | Found a glowing silver altar of Zin.
 10523 | D:7      | Found a bloodstained altar of Trog.
 10539 | D:7      | Found a runed translucent door.
 10539 | D:7      | Noticed a sixfirhy
 10653 | D:7      | Killed a sixfirhy
 11622 | D:8      | Reached skill level 5 in Fighting
 12065 | D:8      | Noticed Harold
 12081 | D:8      | Killed Harold
 12082 | D:8      | Reached skill level 11 in Spellcasting
 12082 | D:8      | Reached XP level 11. HP: 15/76 MP: 0/0
 12082 | D:8      | Learned a level 4 spell: Petrify
 12367 | D:9      | Noticed Erica
 12375 | D:9      | Killed Erica
 13566 | D:9      | Identified the +1 ring mail of Perpetual Drought {Slay+2}
 13631 | D:9      | Found Ubuoshull's Weapon Shoppe.
 14110 | D:9      | Noticed Maurice
 14111 | D:9      | Paralysed by Maurice for 5 turns
 14117 | D:9      | Killed Maurice
 14376 | D:10     | Entered Level 10 of the Dungeon
 14914 | D:10     | Reached skill level 1 in Armour
 15058 | D:10     | Found a sparkling altar of Nemelex Xobeh.
 15058 | D:10     | Found a transporter.
 15058 | D:10     | Noticed a wolf spider
 15059 | D:10     | Noticed a wizard
 15067 | D:10     | Noticed an ogre mage
 15074 | D:10     | Noticed a deep elf pyromancer
 15075 | D:10     | Noticed a deep elf pyromancer
 15080 | D:10     | Killed a deep elf pyromancer
 15236 | D:10     | Killed an ogre mage
 15237 | D:10     | Reached skill level 12 in Spellcasting
 15261 | D:10     | Killed a deep elf pyromancer
 15262 | D:10     | Reached XP level 12. HP: 63/84 MP: 0/0
 15634 | D:10     | Found a runed translucent gate.
 15660 | D:10     | Found a runed translucent gate.
 15660 | D:10     | Found a runed translucent gate.
 15662 | D:10     | Noticed squirgh's ghost (novice DEFE)
 15900 | D:10     | Found a staircase to the Orcish Mines.
 15907 | D:10     | Noticed a two-headed ogre
 15915 | D:10     | Killed a two-headed ogre
 16500 | D:10     | Noticed Psyche
 16503 | D:10     | Killed Psyche
 17034 | D:10     | Found a burning altar of Makhleb.
 17058 | D:10     | Found a glowing golden altar of the Shining One.
 17248 | D:11     | Noticed Snorg
 17257 | D:11     | Mangled by Snorg

Illustrated notes

Levels and vault maps discovered:
D:1:      heliophobic_arrival_enchanted_forest, layout_rooms,
          dreamdust_ecumenical_altar_angels_and_demons,
          hangedman_abyss_or_decor_stabs
D:2:      cheibrodos_helix_gallery, layout_rooms, uniq_crazy_yiuf_cottage
D:3:      minmay_angry_zag, layout_rooms, gammafunk_temple_overflow_pools,
          gup_sewer_entry_spiral, serial_curves, eino_curves_02, eino_curves_02
D:4:      layout_basic, minmay_temple_entry_fiery
D:5:      layout_gridville, uniq_pikel
D:6:      kennysheep_steamy, layout_layer_cave, minitemple, uniq_sigmund
D:7:      cheibrodos_shockbox, layout_basic,
          nzn_overflow_gifts_of_might_and_magic, mainiacjoe_overflow_big_doors,
          minmay_misc_feat_roman, uniq_joseph, uniq_maggie
D:8:      layout_rooms, uniq_harold
D:9:      layout_basic, serial_shops, nicolae_shop_statue_plus, uniq_maurice,
          uniq_erica
D:10:     layout_loops_ring, marbit_many_paths, overflow_temple_1_default,
          grunt_nemelex_the_gamble, erik_orc_4, gammafunk_ghost_split,
          minmay_diamond_spiral, uniq_psyche
D:11:     layout_long_grid, due_lair_maze_entry_diamond, uniq_grum, uniq_snorg
Temple:   compressed_dpeg_circular_temple

Skill      XL: |  1  2  3  4  5  6  7  8  9 10 11 12 |
---------------+-------------------------------------+-----
Stealth        | 2 3 4 |  4.0
Dodging        | 3 4 5 6 8 |  8.0
Spellcasting   | 3 4 6 7 9 11 12 | 12.1
Fighting       | 5 6 7 |  7.1
Armour         | 2 3 |  3.4

Action                   |  1- 3 |  4- 6 |  7- 9 | 10-12 || total
-------------------------+-------+-------+-------+-------++-------
Melee: Unarmed           |       |     4 |       |       ||     4
       Staff             |       |     3 |       |     3 ||     6
 Cast: Foxfire           |    43 |     1 |    79 |    55 ||   178
       Sting             |    32 |   159 |    83 |   103 ||   377
       Searing Ray       |       |     4 |     6 |    15 ||    25
       Conjure Flame     |       |       |     3 |       ||     3
       Sticky Flame      |       |       |     4 |    41 ||    45
       Fireball          |       |       |       |    61 ||    61
  Use: Potion            |       |       |     3 |     2 ||     5
       Scroll            |       |       |       |    10 ||    10
Armor: Robe              |     1 |    16 |    12 |     7 ||    36
       Ring mail         |       |       |       |    63 ||    63
Dodge: Dodged            |     7 |    73 |    59 |    84 ||   223
Block: Other             |       |       |     4 |    45 ||    49
       Reflection        |       |       |     2 |     4 ||     6
